 Dungeon Crawl Stone Soup version 0.31-a0-229-g1fc7ce93e2 (webtiles) character file.

Game seed: 8374308688054785152

14 qw the Shooter (level 2, 0/16 HPs)
             Began as a Gargoyle Hexslinger on July 6, 2023.
             Slain by a worm (7 damage)
             ... on level 2 of the Dungeon.
             The game lasted 00:00:10 (310 turns).

qw the Shooter (Gargoyle Hexslinger)                 Turns: 310, Time: 00:00:10

Health: 0/16       AC:  4    Str: 11    XL:     2   Next: 41%
Magic:  3/3        EV: 12    Int: 13    God:
Gold:   74         SH:  0    Dex: 12    Spells: 2/3 levels left

rFire   . . .        Y - +1 sling
rCold   . . .        (no shield)
rNeg    + . .        c - +0 robe
rPois   inf          (no helmet)
rElec   +            (no cloak)
rCorr   .            (no gloves)
SInv    .            (no boots)
Will    .....        (no amulet)
Stlth   +            (no ring)
HPRegen 0.22/turn    (no ring)
MPRegen 0.08/turn

%: no passive effects
@: no status effects
A: sickness immunity, AC +2, negative energy resistance 1, electricity
resistance, torment resistance 1, petrification resistance
a: no special abilities


You were on level 2 of the Dungeon.
You visited 1 branch of the dungeon, and saw 2 of its levels.

You collected 74 gold pieces.


Innate Abilities, Weirdness & Mutations

You are immune to sickness and miasma.
Your stone body is resilient. (AC +2)
You are immune to poison.
You resist negative energy. (rN+)
You are resistant to electric shocks. (rElec)
You are resistant to unholy torment.
You are immune to petrification.


   Skills:
 + Level 1.1 Fighting
 - Level 3.0 Ranged Weapons
 - Level 1.5 Dodging
 - Level 1.0 Spellcasting
 - Level 2.6 Hexes


You had 2 spell levels left.
You knew the following spells:

 Your Spells              Type           Power      Damage    Failure   Level
a - Slow                  Hex            28%        N/A       10%         1

Your spell library contained the following spells:

 Spells                   Type           Power      Damage    Failure   Level
 Inner Flame              Hex/Fire       4%         N/A       43%         3
 Portal Projectile        Hex/Tloc       8%         N/A       43%         3
 Cause Fear               Hex            3%         N/A       67%         4

Inventory:

Hand Weapons
 Y - a +1 sling (weapon)
Armour
 c - a +0 robe (worn)
Scrolls
 a - a scroll of teleportation
 b - a scroll of poison
Potions
 d - 3 potions of cancellation {unknown}

Dungeon Overview and Level Annotations

Branches:
Dungeon (1/15)

Altars:


Message History

297 ||| READING 2 scrolls labelled WIETEAR SUST.
As you read the scroll labelled WIETEAR SUST, it crumbles to dust.
You feel strangely unstable.
It was a scroll of teleportation.
You start waiting.
Your surroundings suddenly seem different.
A rat, a worm and a kobold come into view.
Found a stone staircase leading up.
The kobold shouts!
Enter note: You shoot a sling bullet.
The sling bullet hits the worm!
The worm is moderately wounded.
You shoot a sling bullet. The sling bullet hits the worm.
The worm is heavily wounded.
You shoot a sling bullet. The sling bullet hits the worm.
The worm is severely wounded.
A kobold comes into view. It is wielding a +0 short sword.
You shoot a sling bullet.
The sling bullet barely misses the kobold.
The kobold shouts!
The kobold hits you with a +0 dagger.
You shoot a sling bullet.
The sling bullet hits the kobold but does no damage.
The kobold throws a stone.
The stone barely misses you. The kobold hits you but does no damage.
You shoot a sling bullet.
The sling bullet completely misses the worm.
The kobold hits you but does no damage. The rat bites you but does no damage.
The worm bites you.
You shoot a sling bullet. The sling bullet hits the worm.
The worm is heavily wounded.
The kobold hits you but does no damage. The rat barely misses you.
You shoot a sling bullet. The sling bullet hits the worm.
The worm is severely wounded.
The kobold hits you with a +0 dagger. The rat closely misses you.
The worm closely misses you. The rat barely misses you.
You shoot a sling bullet.
The sling bullet barely misses the worm.
The kobold hits you with a +0 short sword.
The kobold hits you but does no damage. The worm bites you!
You die...

........##
.........
......... .
......... ..
.....<..##+#...
...............
......KK.......
......r@w......
.#####...#.....
+...# ... #...#
. ....# ......
######


You could see a worm, 2 kobolds and a rat.

Vanquished Creatures
  2 endoplasms (D:1)
  A giant cockroach (D:1)
  A hobgoblin (D:1)
  6 kobolds (D:1)
  A quokka (D:1)
  A ball python (D:1)
  A rat (D:1)
13 creatures vanquished.

Notes
Turn   | Place    | Note
-------+----------+-------------------------------------------
     0 | D:1      | qw the Gargoyle Hexslinger began the quest for the Orb.
     0 | D:1      | Reached XP level 1. HP: 12/12 MP: 2/2
     0 | D:1      | 0 ||| qw: Version: 0.3-a-46-gb1f654a
     0 | D:1      | 0 ||| qw: Game counter: 1456
     0 | D:1      | 0 ||| qw: Melee chars always use a shield: true
     0 | D:1      | 0 ||| qw: God list: Okawaru
     0 | D:1      | 0 ||| qw: Allow faded altars: false
     0 | D:1      | 0 ||| qw: Do Orc after clearing Dungeon:15 true
     0 | D:1      | 0 ||| qw: Do second Lair branch before Depths: true
     0 | D:1      | 0 ||| qw: Lair rune preference: random
     0 | D:1      | 0 ||| qw: Goals: Normal
     0 | D:1      | 0 ||| PLANNING D:1-11
    89 | D:1      | Reached XP level 2. HP: 13/16 MP: 3/3
   202 | D:1      | Reached skill level 3 in Ranged Weapons
   210 | D:1      | You fall into a shaft and drop 1 floor!
   297 | D:2      | 297 ||| READING 2 scrolls labelled WIETEAR SUST.
   310 | D:2      | Slain by a worm

Levels and vault maps discovered:
D:1:      onia_arrival_pyramid, layout_basic,
          shapermc_ecumenical_altar_acropolis, minmay_pentomino_x2
D:2:      layout_basic, serial_shops, nicolae_shop_drivethru, roderic_lattice_a

Skill      XL: |  1  2 |
---------------+-------+-----
Ranged Weapons | 3 |  3.0
Fighting       | |  1.1
Dodging        | |  1.5
Spellcasting   | |  1.0
Hexes          | |  2.6

Action                     || total
---------------------------++-------
   Fire: Sling             ||    53
    Use: Scroll            ||     1
 Armour: Robe              ||     8
  Dodge: Dodged            ||    12

Table legend:
 A = Non-vault XP
 B = Vault XP
 C = Vault XP percentage of total XP
 D = Non-vault monster count
 E = Vault monster count
 F = Vault count percentage of total count
                 A         B        C        D         E       F
            +---------+---------+-------+---------+---------+-------
      Total |      16 |       4 |  20.0 |      11 |       2 |  15.4
            +---------+---------+-------+---------+---------+-------
        D:1 |      16 |       4 |  20.0 |      11 |       2 |  15.4
            +---------+---------+-------+---------+---------+-------
